 BcadrenCrawl: Boulder Brew version 0.05.1-3-gb0ac801aa2 (webtiles) character file.

Game seed: 2464156845567953762, levelgen mode: deterministic

879 st0uf the Ruffian (level 7, -1/58 HPs) Green Draconian Demonspawn. Began on May 30, 2021. Slain by a sewer rat (3 damage) ... on level 2 of the Dungeon. The game lasted 00:10:36 (1678 turns).

st0uf the Ruffian (Green Draconian Demonspawn)      Turns: 1678, Time: 00:10:36

Health: -1/58      AC: -1    Str: 17    XL:     7 ^: 170
Magic:  13/13      EV: 14    Int: 14    God:
Gold:   79         SH:  0    Dex: 15    Spells: 13/14 levels left

rFire    . . .     Vision   .     - Unarmed
rCold    . . .     Gourm    .     - Unarmed
rNeg     . . .     Faith    .   (armour unavailable)
rPois    +         Spirit   .   (helmet restricted)
rElec    .         Reflect  .   (no cloak)
rCorr    .         Harm     .   (no gloves)
MR       .....                  (no boots)
Stlth    ++........             (no amulet)
HPRegen  0.29/turn              (no ring)
MPRegen  0.23/turn              (no ring)

@: lethally poisoned (-1 -> -2), corroded, very slow
A: antennae, thin skeletal structure, deformed body 2, demonic guardian 1,
cold-blooded, poison enhancer 1, rPois, AC +7
a: Breathe Noxious Fumes


You were on level 2 of the Dungeon.
You were hungry.

You visited 1 branch of the dungeon, and saw 2 of its levels.

You collected 79 gold pieces.

Inventory:

Jewellery
 k - an uncursed ring of dexterity
 l - a cursed amulet of the gourmand {(Curse: *Slow)}
Scrolls
 c - a scroll of immolation
 g - a scroll of bless item
 h - a scroll of magic mapping
 i - a scroll of enchantment
 m - a scroll of teleportation
 n - a scroll of fear
Potions
 a - a potion of magic
 d - a potion of heal wounds
 e - 4 potions of curing
 f - a potion of haste
 j - a potion of resistance
Comestibles
 b - 3 rations


   Skills:
 * Level 3.9 Fighting
 + Level 3.5 Dodging
 + Level 2.1 Stealth
 + Level 5.1 Unarmed Combat
 * Level 4.1 Spellcasting
 - Level 1.5 Fire Magic
   Level 3.0 Invocations


You had 13 spell levels left.
You knew the following spells:

 Your Spells              Type           Power        Failure   Level  Hunger
a - Flame Tongue          Fire           7 (30)       10%         1    None

Your spell library contained the following spells:

 Spells                   Type           Power        Failure   Level  Hunger
 Blink                    Tloc           N/A          28%         2    ##.....
 Call Imp                 Summ           2 (100)      28%         2    ##.....
 Slow                     Hex            2 (100)      28%         2    ##.....
 Conjure Flame            Fire           7 (100)      30%         3    ###....
 Mephitic Cloud           Pois/Air       4 (100)      50%         3    ###....


Dungeon Overview and Level Annotations

Branches:
Dungeon (2/8)

Altars:
Xom


Innate Abilities, Weirdness & Mutations

Your lurid green scales are resilient. (AC +7)
You can breathe clouds of noxious fumes.
You have a pair of antennae on your head. (+Vis)
You have an unnaturally thin skeletal structure. (Stealth++, Dex +5)
You cannot wear any armour on your peculiar form.
A weak demonic guardian rushes to your aid.
You are cold-blooded and are slowed more easily by cold attacks.
You are in touch with the powers of venom.
Your lurid green scales grant you resistance to poison. (rPois)


Message History

You hit the withered plant (4).
You destroy the withered plant!
The sewer rat misses you (0).
Unknown command.
You enter the shallow water.
Moving in this stuff is going to be slow.
Your quasit bites the sewer rat but does no damage.
Your quasit claws the sewer rat but does no damage. x2
The sewer rat bites you (5).
* * * LOW HITPOINT WARNING * * *
Your quasit barely misses the big kobold (0).
Your quasit claws the big kobold but does no damage.
Your quasit closely misses the big kobold (0).
Your quasit closely misses the sewer rat (0).
Your quasit claws the sewer rat (1). x2
The sewer rat bites the withered plant (4).
The big kobold hits your quasit with a cursed +4 short sword of venom {(Curse: Fragile)} (1).
Something closely misses your shadow imp (0).
The sewer rat barely misses you (0). x2; The sewer rat bites you (3).
You die...

#†≈##†.≈≈≈≈≈≈.#..##
≈††≈≈.≈..≈≈≈..≈..≈≈ ≈.≈..≈PP≈P≈
≈≈≈†≈...≈≈≈≈.≈≈≈≈PPPPP.≈≈.≈≈≈≈≈≈≈
≈).)≈≈.≈≈≈≈...≈≈≈PPP≈..≈≈.≈≈≈≈≈≈≈
≈..†≈...≈≈..≈r≈≈≈≈P≈≈≈.≈≈..≈≈≈≈≈≈
≈.≈≈≈.≈≈≈≈.≈≈≈.≈≈PPPPPPP≈≈..≈≈;≈≈
...≈..≈≈≈≈≈≈≈≈≈≈≈≈PP≈PPP≈≈≈.≈≈≈≈≈
.≈≈≈≈.≈≈≈≈≈≈≈≈≈rrP.≈≈P.†≈≈≈...P≈≈
≈.....≈≈≈≈≈≈≈≈.≈@rr5K55.†KK.≈..≈≈
##..#≈.≈...≈≈.###########w.≈≈≈.≈≈
#..#<#...≈..≈...##≈# ##.≈≈≈.≈≈
≈..≈.#.≈≈≈{.≈≈#.≈≈## #{≈≈≈...
.≈##≈#.≈≈≈{.......≈# #≈{≈≈≈.≈
.≈≈###.≈≈≈..≈.#....## #.K{{≈.≈
≈≈.###≈≈≈≈.≈≈≈.#...≈# #..≈≈r≈≈
#≈#.≈≈..≈≈≈≈≈.≈.≈...# #≈≈≈≈≈Z≈
###≈...≈≈≈≈≈≈≈##≈..## #≈≈≈≈≈≈≈


You could see a big kobold, 5 sewer rats, 2 friendly quasits and a friendly
shadow imp (invisible).

Vanquished Creatures
  4 big kobolds (D:2)
  A jelly (D:2)
  8 giant cockroaches
  A gnoll (D:1)
  An adder (D:2)
  19 sewer rats
  A worm (D:2)
  7 cinder newts
  An ooze (D:2)
  2 dart slugs (D:1)
  4 leopard geckos
  2 adder skeletons (D:2)
  A ball python (D:2)
  9 bats
  2 cinder newt skeletons (D:2)
  7 goblins (D:1)
  4 hobgoblins (D:1)
  4 jackals (D:2)
  A bat skeleton (D:2)
  A jackal skeleton (D:2)
  23 kobolds
  4 rats (D:1)
  6 withered plants (D:2)
113 creatures vanquished.

Vanquished Creatures (collateral kills)
  A slime creature (D:2)
  A jelly (D:2)
  4 kobolds (D:2)
  A bat (D:1)
  A withered plant (D:2)
8 creatures vanquished.

Vanquished Creatures (others)
  A giant cockroach (D:2)
  A sewer rat (D:2)
  A worm (D:2)
  A leopard gecko (D:2)
  A ball python (D:2)
  A bat skeleton (D:2)
  A kobold (D:2)
  65 withered plants (D:2)
72 creatures vanquished.

Grand Total: 193 creatures vanquished

Notes
Turn   | Place    | Note
-------+----------+-------------------------------------------
     0 | D:1      | st0uf the Immature Draconian Demonspawn began the quest for
                  | the Orb.
     0 | D:1      | Reached XP level 1. HP: 16/16 MP: 3/3
    92 | D:1      | Gained mutation: A weak demonic guardian rushes to your
                  | aid. [demonic ancestry]
    92 | D:1      | Reached XP level 2. HP: 23/23 MP: 4/4
   100 | D:1      | Reached skill level 2 in Unarmed Combat
   100 | D:1      | Gained mutation: You have a pair of antennae on your head.
                  | (+Vis) [demonic ancestry]
   100 | D:1      | Reached XP level 3. HP: 29/29 MP: 5/5
   225 | D:1      | Reached XP level 4. HP: 36/36 MP: 5/7
   504 | D:1      | Gained mutation: You have an unnaturally thin skeletal
                  | structure. (Stealth++, Dex +5) [demonic ancestry]
   504 | D:1      | Reached XP level 5. HP: 42/42 MP: 8/8
   801 | D:1      | Reached skill level 3 in Unarmed Combat
   978 | D:2      | Reached XP level 6. HP: 47/50 MP: 10/10
  1162 | D:2      | Noticed a slime creature
  1178 | D:2      | Killed a slime creature
  1178 | D:2      | Reached skill level 4 in Unarmed Combat
  1184 | D:2      | Your scales start taking on a lurid green colour.
  1184 | D:2      | Reached XP level 7. HP: 30/57 MP: 10/12
  1184 | D:2      | Gained mutation: Your lurid green scales grant you
                  | resistance to poison. (rPois) [Green Draconian growth]
  1184 | D:2      | Gained mutation: You are in touch with the powers of venom.
                  | [Green Draconian growth]
  1376 | D:2      | Found a sacrificial altar of Ru.
  1378 | D:2      | Found an ancient bone altar of Kikubaaqudgha.
  1378 | D:2      | Found an ancient bone altar of Kikubaaqudgha.
  1380 | D:2      | Found a sparkling altar of Nemelex Xobeh.
  1380 | D:2      | Found a shattered altar of Ashenzari.
  1380 | D:2      | Found a shimmering altar of Xom.
  1485 | D:2      | Reached skill level 5 in Unarmed Combat
  1678 | D:2      | HP: 2/58 [sewer rat (5)]
  1678 | D:2      | Slain by a sewer rat

Levels and vault maps discovered:
D:1:      dpeg_arrival_arbitrary_b, layout_basic
D:2:      layout_sewer, overflow_temple_1_default, doesnt_xom_only_xom,
          elyvilon_niche, chequers_jeans

Skill      XL: |  1  2  3  4  5  6  7 |
---------------+----------------------+-----
Unarmed Combat | 2 3 4 5 |  5.1
Fighting       | 2 3 |  3.9
Dodging        | 3 |  3.5
Spellcasting   | 2 3 4 |  4.1
Stealth        | 2 |  2.1
Fire Magic     | |  1.5
Invocations    | |  3.0

Action                   |  1- 3 |  4- 6 |  7- 9 || total
-------------------------+-------+-------+-------++-------
Melee: Unarmed           |    67 |   378 |   143 ||   588
       Tailslap          |     1 |    25 |    11 ||    37
 Stab: Sleeping          |       |     6 |       ||     6
       Distracted        |       |     1 |     1 ||     2
  Eat: Chunk             |       |     1 |     2 ||     3
Armor: Skin              |     4 |    32 |    16 ||    52
Dodge: Dodged            |    20 |   102 |    46 ||   168
